 Dungeon Crawl Stone Soup version 0.27-a0-1325-g58a489ad9e (webtiles) character file.

Game seed: 10637052206327969306

377 kae the Chopper (level 6, -6/57 HPs)
             Began as a Hill Orc Fighter on June 24, 2021.
             Mangled by an ogre (16 damage)
             ... on level 4 of the Dungeon.
             The game lasted 00:02:22 (4585 turns).

kae the Chopper (Hill Orc Fighter)                  Turns: 4585, Time: 00:02:23

Health: -6/57      AC:  6    Str: 21    XL:     6   Next: 73%
Magic:  6/6        EV:  7    Int:  8    God:
Gold:   241        SH:  9    Dex: 10    Spells: 5/5 levels left

rFire    . . .     SeeInvis .   a - +0 war axe
rCold    . . .     Faith    .   c - +0 kite shield
rNeg     . . .     Spirit   .   b - +0 scale mail
rPois    .         Reflect  .   (no helmet)
rElec    .         Harm     .   (no cloak)
rCorr    .         Rampage  .   (no gloves)
Will     .....                  (no boots)
Stlth    ..........             (no amulet)
HPRegen  0.19/turn              (no ring)
MPRegen  0.10/turn              (no ring)

@: no status effects
A: no striking features
a: no special abilities


You were on level 4 of the Dungeon.
You visited 1 branch of the dungeon, and saw 4 of its levels.

You collected 241 gold pieces.

Inventory:

Hand Weapons
 a - a +0 war axe (weapon)
Armour
 b - a +0 scale mail (worn)
 c - a +0 kite shield (worn)
Scrolls
 l - a scroll of fog
 m - a scroll of identify
Potions
 d - a potion of might
 e - 2 potions of invisibility
 f - 2 potions of curing
 g - a potion of cancellation {unknown}
 h - 2 potions of attraction {unknown}
 i - a potion of haste {unknown}
 j - a potion of mutation {unknown}
 k - a potion of brilliance {unknown}


   Skills:
 + Level 5.8 Fighting
 * Level 7.7 Axes
 - Level 3.2 Armour
 - Level 3.2 Shields


You had 5 spell levels left.
You didn't know any spells.
Your spell library contained the following spells:

 Spells                   Type           Power      Damage    Failure   Level
 Freeze                   Ice            0%         1d3       99%         1
 Sandblast                Erth           0%         2d4       99%         1
 Passwall                 Tmut/Erth      0%         N/A       100%        2
 Frozen Ramparts          Ice            0%         1d2       100%        3
 Ozocubu's Armour         Ice            0%         N/A       100%        3
 Stone Arrow              Conj/Erth      0%         3d7       100%        3
 Hailstorm                Conj/Ice       0%         3d3       100%        4
 Petrify                  Tmut/Erth      0%         N/A       100%        4
 Lee's Rapid Deconstruct  Erth           0%         3d5*      100%        5
 Metabolic Englaciation   Hex/Ice        0%         N/A       100%        5


Dungeon Overview and Level Annotations

Branches:
Dungeon (4/15)
 Temple: D:4-7

Altars:

Shops:
D:2 [


Message History

A ball python comes into view.
The ball python hisses angrily.
You hear a shout!
An ogre comes into view. It is wielding a +0 giant club. x2
The ogre shouts!
You hear a bark!
You slash the ball python!
You kill the ball python!
An ogre is nearby!
A hound comes into view.
The ogre hits you with a +0 giant club!!
You see here a ball python corpse.
You are too injured to fight recklessly!
There are monsters nearby!
You are too injured to fight recklessly!
You are too injured to fight recklessly!
There are monsters nearby!
You are too injured to fight recklessly!
You are too injured to fight recklessly!
There are monsters nearby!
There are monsters nearby!
You are too injured to fight recklessly!
You are too injured to fight recklessly!
You hit the ogre but do no damage. The ogre hits you with a +0 giant club!
You slash the ogre!
The ogre is moderately wounded.
You closely miss the hound. You block the hound's attack.
The ogre barely misses you. The hound barely misses you.
You hit the ogre.
The ogre is heavily wounded.
You hit the hound. The hound bites you but does no damage.
The ogre hits you with a +0 giant club!
* * * LOW HITPOINT WARNING * * *
You block the hound's attack.
Okay, then.
Okay, then.
The hound bites you but does no damage.
As you read the scroll labelled USEUTYSTAK, it crumbles to dust.
The scroll dissolves into smoke.
It was a scroll of fog.
You block the hound's attack. The hound bites you but does no damage.
The ogre hits you with a +0 giant club!
You die...

....##)....... .......♣
........<..... .......
..#.#.......♣# ♣.....
..###.......# #...#
............+ +..##
............# #†..#
............♣#+#♣O..#
........#......§hO..#
....#...#......§@§.##.
...###.##......§§§......
............#..........♣
........##.##...).##.....
.......###........# ...♣.
........ #...#...........
.#.....# #.............♣.
)##..... .......#.....
..##...###...#.###.#..


You could see 2 ogres and a hound.

Vanquished Creatures
  A steam dragon (D:4)
  A hound (D:3)
  A centaur skeleton (D:4)
  2 orc priests
  A hound skeleton (D:4)
  5 adders
  2 worms
  A dart slug (D:3)
  4 orcs
  8 endoplasms
  4 giant cockroaches
  3 hobgoblins
  5 jackals (D:1)
  8 kobolds
  3 quokkas
  6 ball pythons
  2 bats
  5 frilled lizards
  4 goblins
  A rat (D:1)
  2 bushes (D:2)
69 creatures vanquished.

Vanquished Creatures (others)
  2 plants (D:2)
2 creatures vanquished.

Grand Total: 71 creatures vanquished

Notes
Turn   | Place    | Note
-------+----------+-------------------------------------------
     0 | D:1      | kae the Hill Orc Fighter began the quest for the Orb.
     0 | D:1      | Reached XP level 1. HP: 19/19 MP: 1/1
    38 | D:1      | Reached skill level 3 in Axes
    53 | D:1      | Reached XP level 2. HP: 16/27 MP: 2/2
   955 | D:1      | Reached skill level 4 in Axes
  1020 | D:1      | Reached XP level 3. HP: 33/33 MP: 3/3
  1608 | D:2      | Found Yzurgh's Antique Armour Shoppe.
  2045 | D:2      | Reached skill level 5 in Axes
  2045 | D:2      | Reached XP level 4. HP: 40/41 MP: 4/4
  2322 | D:2      | Found a faded altar of an unknown god.
  3957 | D:4      | Noticed a steam dragon
  3963 | D:4      | Killed a steam dragon
  3964 | D:4      | Reached skill level 5 in Fighting
  3964 | D:4      | Reached skill level 6 in Axes
  3964 | D:4      | Reached XP level 5. HP: 25/48 MP: 5/5
  3964 | D:4      | Reached XP level 6. HP: 29/56 MP: 6/6
  4273 | D:4      | Reached skill level 7 in Axes
  4585 | D:4      | Mangled by an ogre

Illustrated notes

Levels and vault maps discovered:
D:1:      matt_arrival_spirals, layout_loops_corners, serial_rivers,
          chequers_serial_rivers_marsh, chequers_serial_rivers_micro_b,
          chequers_serial_rivers_small_a, chequers_serial_rivers_small_b,
          chequers_serial_rivers_large_b, chequers_serial_rivers_room_b
D:2:      layout_basic, serial_forest, infiniplex_forest_lined_ring,
          infiniplex_forest_straight_4, infiniplex_forest_end_3,
          infiniplex_forest_end_3, infiniplex_forest_fountain,
          infiniplex_forest_diagonal, infiniplex_forest_end_2,
          infiniplex_forest_clump_medium, serial_shops, nicolae_shop_waterfront,
          shapermc_ecumenical_altar_mp_ritualfount, minmay_misc_feat_rows,
          minmay_pentomino_o2
D:3:      layout_basic
D:4:      layout_cave_pools, serial_park, serial_park_avenue1,
          serial_park_tiny_2, serial_park_tiny_1, serial_park_square3
          [serial_park_minivault_5x5_7], serial_park_square3
          [serial_park_minivault_5x5_3], serial_park_square3
          [serial_park_minivault_5x5_8], minmay_surrounded

Skill      XL: |  1  2  3  4  5  6 |
---------------+-------------------+-----
Axes           | 3 4 5 6 7 |  7.7
Fighting       | 4 5 |  5.8
Armour         | |  3.2
Shields        | |  3.2

Action                   |  1- 3 |  4- 6 || total
-------------------------+-------+-------++-------
Melee: War axe           |   103 |   154 ||   257
  Use: Scroll            |     5 |     1 ||     6
       Potion            |     1 |       ||     1
Armor: Scale mail        |    57 |    56 ||   113
Dodge: Dodged            |    29 |    27 ||    56
Block: Kite shield       |    70 |    61 ||   131

Table legend: (Time is in decaauts)
 A = Elapsed time spent in this place.
 B = Non-inter-level travel time spent in this place.
 C = Inter-level travel time spent in this place.
 D = Time resting spent in this place.
 E = Time spent auto-exploring this place.
 F = Levels seen in this place.
 G = Mean time per level.
                   A        B        C        D        E       F      G
               +--------+--------+--------+--------+--------+-----+--------+
         Total |   4749 |   4629 |    120 |    408 |   3650 |   4 | 1187.2 |
       Dungeon |   4749 |   4629 |    120 |    408 |   3650 |   4 | 1187.2 |
               +--------+--------+--------+--------+--------+-----+--------+

Top non-repeatable levels by time:
     D:2: 1637 daAuts
     D:3: 1531 daAuts
     D:1: 1366 daAuts
     D:4: 214 daAuts
